| TOP OF THE 1ST |
|
Kansas City Royals batting - Pitching for Boston Red Sox : LHP Dom Chiti
|
|
Pitching: LHP Dom Chiti
|
|
|
Batting: RHB Rickey Henderson
|
0-0: Ball 1-0: Called Strike 1-1: Foul Ball, location: 2F 1-2: Foul Ball, location: 2F 1-2: DOUBLE (Flyball, 8RXD, EV 92.5 MPH)
|
|
Batting: LHB Gene Richards
|
0-0: Ball 1-0: SINGLE (Line Drive, 9S, EV 96.9 MPH) Rickey Henderson to third Runner from 3rd tries for Home, SAFE, throw by RF to home
|
|
Batting: RHB Jeffrey Leonard
|
0-0: Fly out, F7 (Flyball, 78S, EV 84.4 MPH)
|
|
Batting: RHB Charlie O'Brien
|
0-0: Called Strike 0-1: Foul Ball, location: 2F 0-2: Ball 1-2: Strikes out swinging
|
|
Batting: RHB Gary Carter
|
0-0: Called Strike 0-1: Foul Ball, location: 2F 0-2: Strikes out swinging
|
| Top of the 1st over - 1 run, 2 hits, 0 errors, 1 left on base; Kansas City 1 - Boston 0 |
| BOTTOM OF THE 1ST |
|
Boston Red Sox batting - Pitching for Kansas City Royals : LHP Dave LaPoint
|
|
Pitching: LHP Dave LaPoint
|
|
|
Batting: LHB Claudell Washington
|
0-0: Fly out, F2 (Popup, 2R, EV 98.1 MPH)
|
|
Batting: SHB Albert Hall
|
0-0: Ball 1-0: Called Strike 1-1: Ball 2-1: Ball 3-1: Foul Ball, location: 2F 3-2: Base on Balls
|
|
Batting: LHB George Brett
|
0-0: Called Strike 0-1: Ball Albert Hall steals 2nd base 1-1: Ball 2-1: Foul Ball, location: 2F 2-2: Foul Ball, location: 2F 2-2: SINGLE (Line Drive, 4M, EV 98.1 MPH) Albert Hall to third Runner from 3rd tries for Home, SAFE, throw by CF to home George Brett to second
|
|
Batting: RHB Jeff Burroughs
|
0-0: Ball 1-0: Ball 2-0: Ground out 5-3 (Groundball, 56, EV 88.1 MPH)
|
|
Batting: LHB Willie Aikens
|
0-0: Ball 1-0: Ball 2-0: Ball 3-0: Called Strike 3-1: Called Strike 3-2: SINGLE (Groundball, 3S, EV 70.6 MPH) (infield hit) George Brett to third
|
|
Batting: SHB Reggie Smith
|
0-0: SINGLE (Line Drive, 78M, EV 93.1 MPH) George Brett scores Willie Aikens to second
|
|
Batting: RHB Mark Grady
|
0-0: Ball 1-0: Called Strike 1-1: Foul Ball, location: 2F 1-2: Strikes out swinging
|
| Bottom of the 1st over - 2 runs, 3 hits, 0 errors, 2 left on base; Kansas City 1 - Boston 2 |
| TOP OF THE 2ND |
|
Kansas City Royals batting - Pitching for Boston Red Sox : LHP Dom Chiti
|
|
Batting: RHB Adrian Monrreal
|
0-0: Foul Ball, location: 2F 0-1: Foul Ball, location: 2F 0-2: Foul Ball, location: 2F 0-2: Ball 1-2: Strikes out looking
|
|
Batting: RHB Bob Horner
|
0-0: Ball 1-0: Foul Ball, location: 2F 1-1: Ball 2-1: Fly out, F9 (Flyball, 9D, EV 101.3 MPH)
|
|
Batting: LHB Alvin Davis
|
0-0: Ball 1-0: Called Strike 1-1: Called Strike 1-2: SINGLE (Line Drive, 9S, EV 91.3 MPH)
|
|
Batting: LHB Rick Manning
|
0-0: Ground out 3-1 (Groundball, 34S, EV 76.9 MPH)
|
| Top of the 2nd over - 0 runs, 1 hit, 0 errors, 1 left on base; Kansas City 1 - Boston 2 |
| BOTTOM OF THE 2ND |
|
Boston Red Sox batting - Pitching for Kansas City Royals : LHP Dave LaPoint
|
|
Batting: SHB Scotti Madison
|
0-0: Fly out, F8 (Flyball, 8LS, EV 87.5 MPH)
|
|
Batting: RHB Kevin Klettke
|
0-0: Ball 1-0: Foul Ball, location: 2F 1-1: SOLO HOME RUN (Flyball, 78XD, EV 94.4 MPH), Distance : 440 ft
|
|
Batting: LHB Claudell Washington
|
0-0: Ball 1-0: Swinging Strike 1-1: Ball 2-1: Ball 3-1: Base on Balls
|
|
Batting: SHB Albert Hall
|
0-0: Grounds into double play, 6-4-3 (Groundball, 56, EV 108.1 MPH)
|
| Bottom of the 2nd over - 1 run, 1 hit, 0 errors, 0 left on base; Kansas City 1 - Boston 3 |
| TOP OF THE 3RD |
|
Kansas City Royals batting - Pitching for Boston Red Sox : LHP Dom Chiti
|
|
Batting: RHB Rickey Henderson
|
0-0: Ball 1-0: Ground out 4-3 (Groundball, 13, EV 85.0 MPH)
|
|
Batting: LHB Gene Richards
|
0-0: Called Strike 0-1: Called Strike 0-2: Fly out, F4 (Flyball, 4D, EV 89.4 MPH)
|
|
Batting: RHB Jeffrey Leonard
|
0-0: Ball 1-0: Ball 2-0: Called Strike 2-1: Ball 3-1: Called Strike 3-2: Base on Balls
|
|
Batting: RHB Charlie O'Brien
|
0-0: Called Strike Jeffrey Leonard is caught stealing 2nd base 2-4
|
| Top of the 3rd over - 0 runs, 0 hits, 0 errors, 0 left on base; Kansas City 1 - Boston 3 |
| BOTTOM OF THE 3RD |
|
Boston Red Sox batting - Pitching for Kansas City Royals : LHP Dave LaPoint
|
|
Batting: LHB George Brett
|
0-0: Ground out 6-3 (Groundball, 6MD, EV 81.3 MPH)
|
|
Batting: RHB Jeff Burroughs
|
0-0: Ball 1-0: Ball 2-0: SOLO HOME RUN (Flyball, 7D, EV 103.8 MPH), Distance : 406 ft
|
|
Batting: LHB Willie Aikens
|
0-0: Ball 1-0: Ball 2-0: Called Strike 2-1: Called Strike 2-2: DOUBLE (Line Drive, 9LS, EV 102.5 MPH)
|
|
Batting: SHB Reggie Smith
|
0-0: Fly out, F9 (Line Drive, 9, EV 90.0 MPH)
|
|
Batting: RHB Mark Grady
|
0-0: Ball 1-0: Called Strike 1-1: Ground out 4-3 (Groundball, 4, EV 106.3 MPH)
|
| Bottom of the 3rd over - 1 run, 2 hits, 0 errors, 1 left on base; Kansas City 1 - Boston 4 |
| TOP OF THE 4TH |
|
Kansas City Royals batting - Pitching for Boston Red Sox : LHP Dom Chiti
|
|
Batting: RHB Charlie O'Brien
|
0-0: Called Strike 0-1: Foul Ball, location: 2F 0-2: Strikes out looking
|
|
Batting: RHB Gary Carter
|
0-0: Ground out 5-3 (Groundball, 5S, EV 70.0 MPH)
|
|
Batting: RHB Adrian Monrreal
|
0-0: Ball 1-0: Ball 2-0: SINGLE (Line Drive, 9LS, EV 99.4 MPH)
|
|
Batting: RHB Bob Horner
|
0-0: Fly out, F3 (Popup, 3F, EV 70.0 MPH)
|
| Top of the 4th over - 0 runs, 1 hit, 0 errors, 1 left on base; Kansas City 1 - Boston 4 |
| BOTTOM OF THE 4TH |
|
Boston Red Sox batting - Pitching for Kansas City Royals : LHP Dave LaPoint
|
|
Batting: SHB Scotti Madison
|
0-0: Called Strike 0-1: Foul Ball, location: 2LF, Error on foul ball, E2 0-2: Strikes out swinging
|
|
Batting: RHB Kevin Klettke
|
0-0: Ball 1-0: Ball 2-0: Ball 3-0: Called Strike 3-1: Called Strike 3-2: Strikes out swinging
|
|
Batting: LHB Claudell Washington
|
0-0: Called Strike 0-1: Called Strike 0-2: Foul Ball, location: 2F 0-2: Ball 1-2: Ball 2-2: Foul Ball, location: 2F 2-2: Foul Ball, location: 2F 2-2: Strikes out swinging
|
| Bottom of the 4th over - 0 runs, 0 hits, 1 error, 0 left on base; Kansas City 1 - Boston 4 |
| TOP OF THE 5TH |
|
Kansas City Royals batting - Pitching for Boston Red Sox : LHP Dom Chiti
|
|
Batting: LHB Alvin Davis
|
0-0: Foul Ball, location: 2F 0-1: Called Strike 0-2: Ball 1-2: Strikes out swinging
|
|
Batting: LHB Rick Manning
|
0-0: Called Strike 0-1: Ball 1-1: Ball 2-1: SINGLE (Groundball, 34S, EV 76.3 MPH) (infield hit)
|
|
Batting: RHB Rickey Henderson
|
0-0: Called Strike Rick Manning steals 2nd base 0-1: Ball 1-1: Ball 2-1: Foul Ball, location: 2F 2-2: Ball 3-2: Ground out 6-3 (Groundball, 6, EV 81.3 MPH) Rick Manning to third
|
|
Batting: LHB Gene Richards
|
0-0: Ball 1-0: Swinging Strike 1-1: Ground out 4-3 (Groundball, 4, EV 81.3 MPH)
|
| Top of the 5th over - 0 runs, 1 hit, 0 errors, 1 left on base; Kansas City 1 - Boston 4 |
| BOTTOM OF THE 5TH |
|
Boston Red Sox batting - Pitching for Kansas City Royals : LHP Dave LaPoint
|
|
Batting: SHB Albert Hall
|
0-0: Ball 1-0: Ball 2-0: Foul Ball, location: 2F 2-1: Ground out 4-3 (Groundball, 4, EV 108.8 MPH)
|
|
Batting: LHB George Brett
|
0-0: Called Strike 0-1: Foul Ball, location: 2F 0-2: Ball 1-2: Ball 2-2: Fly out, F5 (Line Drive, 5, EV 67.5 MPH)
|
|
Batting: RHB Jeff Burroughs
|
0-0: Ball 1-0: Fly out, F3 (Line Drive, 3, EV 71.9 MPH)
|
| Bottom of the 5th over - 0 runs, 0 hits, 0 errors, 0 left on base; Kansas City 1 - Boston 4 |
| TOP OF THE 6TH |
|
Kansas City Royals batting - Pitching for Boston Red Sox : LHP Dom Chiti
|
|
Batting: RHB Jeffrey Leonard
|
0-0: Ball 1-0: Called Strike 1-1: Called Strike 1-2: Ball 2-2: Foul Ball, location: 2F 2-2: Strikes out swinging
|
|
Batting: RHB Charlie O'Brien
|
0-0: Called Strike 0-1: Called Strike 0-2: Ball 1-2: DOUBLE (Line Drive, 7LM, EV 108.1 MPH)
|
|
Batting: RHB Gary Carter
|
0-0: Ball 1-0: Ball 2-0: Called Strike 2-1: Foul Ball, location: 2F 2-2: Strikes out looking
|
|
Batting: RHB Adrian Monrreal
|
0-0: Called Strike 0-1: Fly out, F8 (Flyball, 8RS, EV 76.9 MPH)
|
| Top of the 6th over - 0 runs, 1 hit, 0 errors, 1 left on base; Kansas City 1 - Boston 4 |
| BOTTOM OF THE 6TH |
|
Boston Red Sox batting - Pitching for Kansas City Royals : LHP Dave LaPoint
|
|
Batting: LHB Willie Aikens
|
0-0: Ball 1-0: Called Strike 1-1: Ball 2-1: Ball 3-1: SINGLE (Line Drive, 8LS, EV 106.9 MPH)
|
|
Batting: SHB Reggie Smith
|
0-0: Ball 1-0: Called Strike 1-1: Foul Ball, location: 2F 1-2: Foul Ball, location: 2F 1-2: Foul Ball, location: 2F 1-2: Ball 2-2: Ball 3-2: Foul Ball, location: 2F 3-2: Base on Balls Willie Aikens to second
|
|
Batting: RHB Mark Grady
|
0-0: Called Strike 0-1: Bunt missed! 0-2: Fly out, F9 (Flyball, 9, EV 90.0 MPH)
|
|
Batting: SHB Scotti Madison
|
0-0: Swinging Strike 0-1: Fly out, F7 (Line Drive, 7, EV 95.6 MPH)
|
|
Batting: RHB Kevin Klettke
|
0-0: Called Strike 0-1: Called Strike 0-2: Ball 1-2: Foul Ball, location: 2F 1-2: SINGLE (Line Drive, 89M, EV 101.9 MPH) Willie Aikens to third Reggie Smith to second Runner from 3rd tries for Home, SAFE, throw by RF to home
|
|
Batting: LHB Claudell Washington
|
0-0: Called Strike 0-1: Swinging Strike 0-2: Strikes out swinging
|
| Bottom of the 6th over - 1 run, 2 hits, 0 errors, 2 left on base; Kansas City 1 - Boston 5 |
| TOP OF THE 7TH |
|
Kansas City Royals batting - Pitching for Boston Red Sox : LHP Dom Chiti
|
|
Batting: RHB Bob Horner
|
0-0: Swinging Strike 0-1: Called Strike 0-2: Ball 1-2: Fly out, F8 (Flyball, 8LS, EV 86.9 MPH)
|
|
Batting: LHB Alvin Davis
|
0-0: Ball 1-0: Ball 2-0: Ball 3-0: Fly out, F8 (Flyball, 8LD, EV 92.5 MPH)
|
|
Batting: LHB Rick Manning
|
0-0: Ball 1-0: Ball 2-0: Ball 3-0: Called Strike 3-1: Base on Balls
|
|
Batting: RHB Rickey Henderson
|
0-0: Ball Rick Manning steals 2nd base (no throw) 1-0: Foul Ball, location: 2F 1-1: Ground out 6-3 (Groundball, 6S, EV 93.1 MPH)
|
| Top of the 7th over - 0 runs, 0 hits, 0 errors, 1 left on base; Kansas City 1 - Boston 5 |
| BOTTOM OF THE 7TH |
|
Boston Red Sox batting - Pitching for Kansas City Royals : LHP Dave LaPoint
|
|
Batting: SHB Albert Hall
|
0-0: Called Strike 0-1: Ball 1-1: Ground out 4-3 (Groundball, 34, EV 104.4 MPH)
|
|
Batting: LHB George Brett
|
0-0: Called Strike 0-1: Ball 1-1: Ball 2-1: Swinging Strike 2-2: Ball 3-2: Foul Ball, location: 2F 3-2: Base on Balls
|
|
Pitching: RHP Dan Petry
|
|
|
Batting: RHB Jeff Burroughs
|
0-0: Fly out, F7 (Flyball, 7LM, EV 95.0 MPH)
|
|
Batting: LHB Willie Aikens
|
0-0: Called Strike 0-1: Ball Passed Ball! George Brett to second 1-1: Called Strike 1-2: Foul Ball, location: 2F 1-2: Fly out, F7 (Flyball, 7, EV 83.1 MPH)
|
| Bottom of the 7th over - 0 runs, 0 hits, 0 errors, 1 left on base; Kansas City 1 - Boston 5 |
| TOP OF THE 8TH |
|
Kansas City Royals batting - Pitching for Boston Red Sox : LHP Dom Chiti
|
|
Now in CF: Daryl Sconiers
|
|
|
Batting: LHB Gene Richards
|
0-0: Ball 1-0: Foul Ball, location: 2F 1-1: Ground out 5-3 (Groundball, 56, EV 83.8 MPH)
|
|
Batting: RHB Jeffrey Leonard
|
0-0: Ball 1-0: Ball 2-0: Foul Ball, location: 2F 2-1: Ball 3-1: Called Strike 3-2: Base on Balls
|
|
Batting: RHB Charlie O'Brien
|
0-0: Ball 1-0: Ball 2-0: Foul Ball, location: 2F 2-1: Fly out, F7 (Flyball, 78D, EV 109.4 MPH)
|
|
Batting: RHB Gary Carter
|
0-0: Foul Ball, location: 2F 0-1: Fielders Choice at 2nd, 6-4 (Groundball, 6, EV 86.3 MPH)
|
| Top of the 8th over - 0 runs, 0 hits, 0 errors, 1 left on base; Kansas City 1 - Boston 5 |
| BOTTOM OF THE 8TH |
|
Boston Red Sox batting - Pitching for Kansas City Royals : RHP Dan Petry
|
|
Batting: SHB Reggie Smith
|
0-0: Ball 1-0: Foul Ball, location: 2F 1-1: Called Strike 1-2: Strikes out looking
|
|
Batting: RHB Mark Grady
|
0-0: Ball 1-0: Ball 2-0: Ball 3-0: Called Strike 3-1: Fly out, F4 (Line Drive, 4, EV 66.3 MPH)
|
|
Batting: SHB Scotti Madison
|
0-0: Foul Ball, location: 2F 0-1: Foul Ball, location: 2F 0-2: Strikes out swinging
|
| Bottom of the 8th over - 0 runs, 0 hits, 0 errors, 0 left on base; Kansas City 1 - Boston 5 |
| TOP OF THE 9TH |
|
Kansas City Royals batting - Pitching for Boston Red Sox : LHP Dom Chiti
|
|
Pitching: LHP Kenneth Kollmyer
|
|
|
Batting: RHB Adrian Monrreal
|
0-0: Swinging Strike 0-1: Called Strike 0-2: Ball 1-2: Ground out 4-3 (Groundball, 4S, EV 83.1 MPH)
|
|
Batting: RHB Bob Horner
|
0-0: Ball 1-0: Called Strike 1-1: Called Strike 1-2: Strikes out swinging
|
|
Batting: LHB Alvin Davis
|
0-0: Ball 1-0: Called Strike 1-1: Fly out, F7 (Flyball, 7S, EV 77.5 MPH)
|
| Top of the 9th over - 0 runs, 0 hits, 0 errors, 0 left on base; Kansas City 1 - Boston 5 |
|